Map: Incorporeal LE

Players

LiquidMaNa (MaNa) - Winner!

  • Race: Protoss Protoss
  • League: Grandmaster
  • Spawn Location: 5:00

OpTiMiStC

  • Race: Protoss Protoss
  • League: Master
  • Spawn Location: 11:00

Event: HomeStory Cup XXVII

VOD

Have the link to the VOD?

Description

Time

  • Played on: June 27, 2025, 7:05 a.m.
  • Length: 6:18

All games in this series

Show
View Real Time Build Order
Export as new Build Order

LiquidMaNa Protoss - Winner!

Build Orders: Oracle Opening, Blink Stalkers 

Get SALT Encoding   

  12  0:00  Probe  
  13  0:12  Probe  
  14  0:16  Pylon  
  14  0:24  Probe  
  15  0:32  Probe  
  15  0:35  Gateway  
  15  0:40  Probe  
  16  0:46  Assimilator  
  17  0:50  Probe  
  18  0:59  Probe  
  18  1:04  Assimilator  
  19  1:07  Probe  
  19  1:10  Gateway  
  20  1:17  Probe  
  20  1:23  Cybernetics Core  
  21  1:29  Probe  
  22  1:34  Pylon  
  22  1:41  Probe  
  23  1:53  Probe  
  24  2:00  Warp Gate  
  24  2:01  Adept x2  
  24  2:05  Probe  
  29  2:16  Stargate  
  29  2:18  Pylon  
  29  2:27  Probe  
  29  2:47  Nexus  
  29  2:49  Oracle  
  29  2:50  Probe  
  30  3:02  Probe  
  34  3:13  Twilight Council  
  34  3:14  Probe  
  35  3:25  Pylon  
  35  3:26  Probe  
  36  3:37  Gateway  
  36  3:38  Probe  
  37  3:44  Gateway  
  37  3:46  Blink  
  37  3:50  Probe  
  38  4:02  Probe  
  39  4:03  Stalker x2  
  39  4:05  Probe  
  44  4:14  Probe  
  45  4:17  Probe  
  45  4:21  Shield Battery  
  46  4:27  Probe  
  46  4:31  Stalker x2  
  49  4:33  Probe  
  52  4:39  Probe  
  52  4:44  Stalker x2  
  57  4:47  Probe  
  57  4:52  Pylon  
  58  4:54  Probe  
  58  4:56  Stalker  
  58  4:59  Probe  
  62  5:08  Pylon  
  62  5:10  Probe  
  62  5:11  Probe, Stalker  
  62  5:12  Stalker  
  68  5:17  Stalker  
  70  5:22  Pylon  
  70  5:26  Probe  
  71  5:37  Stalker x3  
  71  5:42  Stalker  
  79  5:43  Probe  
  79  5:48  Pylon  
  79  5:49  Pylon  
  78  6:03  Stalker x2  
  80  6:10  Stalker  
Show
View Real Time Build Order
Export as new Build Order

OpTiMiStC Protoss 

Build Orders:  

Get SALT Encoding   

  12  0:00  Probe  
  13  0:12  Probe  
  14  0:16  Pylon  
  14  0:23  Probe  
  15  0:31  Probe  
  16  0:38  Gateway  
  16  0:39  Probe  
  16  0:46  Assimilator  
  17  0:51  Probe  
  17  0:54  Assimilator  
  18  0:59  Probe  
  19  1:07  Probe  
  19  1:13  Gateway  
  19  1:17  Probe  
  21  1:27  Cybernetics Core  
  21  1:29  Probe  
  22  1:41  Probe  
  22  1:42  Pylon  
  23  2:00  Probe  
  24  2:03  Sentry  
  24  2:08  Pylon  
  26  2:12  Probe  
  26  2:13  Warp Gate, Shield Battery  
  27  2:26  Nexus  
  27  2:33  Sentry x2  
  27  2:37  Shield Battery  
  31  2:48  Pylon  
  31  3:01  Shield Battery  
  31  3:03  Stalker  
  31  3:06  Probe  
  31  3:08  Twilight Council  
  34  3:15  Shield Battery  
  34  3:19  Shield Battery  
  34  3:23  Probe  
  34  3:26  Shield Battery  
  35  3:35  Pylon  
  35  3:36  Probe  
  35  3:37  Probe  
  36  3:45  Probe  
  36  3:48  Probe  
  35  3:57  Probe  
  35  4:00  Probe  
  35  4:02  Blink, Stalker x2  
  39  4:05  Probe  
  40  4:15  Probe x2  
  40  4:27  Probe  
  40  4:29  Probe  
  42  4:39  Probe  
  42  4:42  Probe  
  42  4:45  Stalker x2  
  46  4:50  Phoenix  
  46  4:52  Probe  
  47  4:53  Probe  
  49  5:04  Probe, Robotics Facility  
  49  5:05  Probe  
  51  5:11  Stalker x2  
  55  5:16  Probe  
  55  5:18  Probe  
  57  5:23  Phoenix  
  57  5:34  Stalker x2  
  60  5:41  Probe x2  
  62  5:53  Nexus  
Tags
 
Add a new tag
Caveats
  • Supply blocks, unpowered buildings, or Contaminate may cause inaccurate times.
  • Supply counts are checked every 10 seconds.